3071 views
Uploaded 2020-04-18 00:52:27
Game version 1.32.3
14:16 long 1on1 ladder game on (2)EchoIsles
Saved by BEARAND
3071 views
Uploaded 2020-04-18 00:52:27
Game version 1.32.3
14:16 long 1on1 ladder game on (2)EchoIsles

19 units @ 1.5k
/ 0k
43 buildings @ 2.7k
/ 1.3k



| Scroll of Regeneration | 2 | 200 |
| Potion of Healing | 3 | 450 |
| Lesser Clarity Potion | 1 | 70 |
| Orb of Fire | 1 | 325 |
| Staff of Sanctuary | 1 | 250 |
| Staff of Teleportation | 2 | 300 |
| Boots of Speed | 3 | 750 |
| Periapt of Vitality | 1 | 325 |
| total: | 14 | 2670g |
| Peasant | 18 | 1350 | / | 0 |
| Priest | 1 | 135 | / | 10 |
| total: | 19 | 1485g | / | 10w |
| Scout Tower | 30 | 900 | / | 600 |
| Arcane Tower | 4 | 280 | / | 200 |
| Guard Tower | 20 | 1400 | / | 1000 |
| Altar of Kings | 1 | 180 | / | 50 |
| Farm | 5 | 400 | / | 100 |
| Lumber Mill | 1 | 120 | / | 0 |
| Arcane Vault | 3 | 390 | / | 90 |
| Town Hall | 1 | 385 | / | 205 |
| Gryphon Aviary | 1 | 140 | / | 150 |
| Arcane Sanctum | 1 | 150 | / | 140 |
| Keep | 1 | 320 | / | 210 |
| Castle | 1 | 360 | / | 210 |
| total: | 43 | 2665g | / | 1335w |
| 0:02 | Peasant |
| 0:02 | Peasant |
| 0:07 | Altar of Kings |
| 0:12 | Peasant |
| 0:18 | Farm |
| 0:29 | Peasant |
| 0:32 | Lumber Mill |
| 0:33 | Scout Tower |
| 0:38 | Peasant |
| 1:04 | Peasant |
| 1:08 | Peasant |
| 1:18 | Farm |
| 1:21 | Arcane Vault |
| 1:28 | Peasant |
| 1:37 | Arcane Tower |
| 1:39 | Scout Tower |
| 1:45 | Peasant |
| 1:50 | Peasant |
| 1:57 | Arcane Vault |
| 2:01 | Peasant |
| 2:09 | Blizzard |
| 2:36 | Peasant |
| 2:36 | Peasant |
| 2:37 | Arcane Tower |
| 2:39 | Scout Tower |
| 2:39 | Scout Tower |
| 2:52 | Peasant |
| 2:52 | Peasant |
| 2:55 | Peasant |
| 2:55 | Peasant |
| 3:04 | Guard Tower |
| 3:13 | Brilliance Aura |
| 3:17 | Peasant |
| 3:42 | Guard Tower |
| 3:43 | Scout Tower |
| 3:44 | Scout Tower |
| 4:07 | Keep |
| 4:29 | Scout Tower |
| 4:30 | Scout Tower |
| 4:31 | Scout Tower |
| 4:33 | Scout Tower |
| 4:37 | Staff of Teleportation |
| 4:37 | Boots of Speed |
| 5:07 | Town Hall |
| 5:14 | Arcane Tower |
| 5:28 | Guard Tower |
| 5:54 | Guard Tower |
| 5:59 | Guard Tower |
| 6:01 | Scout Tower |
| 6:08 | Scout Tower |
| 6:19 | Scroll of Regeneration |
| 6:23 | Scout Tower |
| 6:55 | Guard Tower |
| 6:57 | Guard Tower |
| 7:04 | Scout Tower |
| 7:04 | Guard Tower |
| 7:13 | Improved Masonry |
| 7:27 | Scout Tower |
| 7:28 | Scout Tower |
| 7:32 | Improved Lumber Harvesting |
| 7:48 | Storm Bolt |
| 8:07 | Guard Tower |
| 8:07 | Guard Tower |
| 8:19 | Arcane Vault |
| 8:26 | Castle |
| 8:47 | Potion of Healing |
| 8:52 | Guard Tower |
| 8:54 | Scout Tower |
| 9:08 | Scout Tower |
| 9:08 | Scout Tower |
| 9:09 | Scout Tower |
| 9:10 | Scout Tower |
| 9:10 | Scout Tower |
| 9:20 | Advanced Masonry |
| 9:29 | Blizzard |
| 9:35 | Guard Tower |
| 9:38 | Guard Tower |
| 9:41 | Scout Tower |
| 10:07 | Scroll of Regeneration |
| 10:10 | Lesser Clarity Potion |
| 10:11 | Potion of Healing |
| 10:15 | Potion of Healing |
| 10:18 | Guard Tower |
| 10:20 | Scout Tower |
| 10:21 | Scout Tower |
| 10:21 | Scout Tower |
| 10:22 | Scout Tower |
| 10:28 | Guard Tower |
| 10:45 | Gryphon Aviary |
| 11:14 | Bash |
| 11:16 | Arcane Sanctum |
| 11:55 | Advanced Lumber Harvesting |
| 12:01 | Guard Tower |
| 12:02 | Guard Tower |
| 12:25 | Guard Tower |
| 12:45 | Holy Light |
| 12:51 | Orb of Fire |
| 12:51 | Staff of Sanctuary |
| 12:57 | Imbued Masonry |
| 13:00 | Scout Tower |
| 13:01 | Scout Tower |
| 13:02 | Scout Tower |
| 13:06 | Farm |
| 13:06 | Farm |
| 13:07 | Farm |
| 13:15 | Boots of Speed |
| 13:15 | Staff of Teleportation |
| 13:24 | Boots of Speed |
| 13:24 | Periapt of Vitality |
| 13:32 | Arcane Tower |
| 13:34 | Magic Sentry |
| 13:34 | Priest |
| Right click | 907 |
| Select | 333 |
| Select group | 146 |
| Build/train/purchase | 111 |
| Chat | 28 |
| Use ability | 24 |
| Assign group | 16 |
| Misc. action | 7 |
| Item give/drop | 6 |
| Remove unit | 3 |
| Esc | 1 |
38 units @ 5.1k
/ 0.7k
26 buildings @ 2.8k
/ 1.4k


| Scroll of Regeneration | 1 | 100 |
| Boots of Speed | 1 | 250 |
| total: | 2 | 350g |
| Peasant | 18 | 1350 | / | 0 |
| Rifleman | 9 | 1845 | / | 270 |
| Priest | 4 | 540 | / | 40 |
| Spell Breaker | 2 | 430 | / | 60 |
| Mortar Team | 5 | 900 | / | 350 |
| total: | 38 | 5065g | / | 720w |
| Scout Tower | 5 | 150 | / | 100 |
| Guard Tower | 9 | 630 | / | 450 |
| Altar of Kings | 1 | 180 | / | 50 |
| Farm | 9 | 720 | / | 180 |
| Barracks | 1 | 160 | / | 60 |
| Blacksmith | 1 | 140 | / | 60 |
| Arcane Vault | 2 | 260 | / | 60 |
| Lumber Mill | 1 | 120 | / | 0 |
| Town Hall | 1 | 385 | / | 205 |
| Arcane Sanctum | 2 | 300 | / | 280 |
| Workshop | 3 | 420 | / | 420 |
| Keep | 2 | 640 | / | 420 |
| Castle | 2 | 720 | / | 420 |
| total: | 26 | 2835g | / | 1415w |
| 0:06 | Peasant |
| 0:13 | Altar of Kings |
| 0:15 | Peasant |
| 0:26 | Farm |
| 0:30 | Barracks |
| 0:33 | Peasant |
| 0:47 | Peasant |
| 0:59 | Peasant |
| 1:02 | Farm |
| 1:08 | Peasant |
| 1:26 | Peasant |
| 1:49 | Blacksmith |
| 1:51 | Peasant |
| 1:54 | Farm |
| 1:57 | Scout Tower |
| 2:03 | Peasant |
| 2:05 | Peasant |
| 2:14 | Summon Water Elemental |
| 2:37 | Peasant |
| 2:44 | Rifleman |
| 2:46 | Arcane Vault |
| 2:55 | Lumber Mill |
| 2:59 | Farm |
| 3:12 | Rifleman |
| 3:12 | Rifleman |
| 3:43 | Keep |
| 3:57 | Guard Tower |
| 4:10 | Rifleman |
| 4:10 | Rifleman |
| 4:10 | Rifleman |
| 4:26 | Farm |
| 4:27 | Brilliance Aura |
| 6:06 | Farm |
| 6:24 | Scroll of Regeneration |
| 6:32 | Arcane Sanctum |
| 6:52 | Arcane Sanctum |
| 7:02 | Peasant |
| 7:03 | Rifleman |
| 7:10 | Storm Bolt |
| 7:20 | Peasant |
| 7:27 | Rifleman |
| 7:28 | Rifleman |
| 7:49 | Control Magic |
| 7:49 | Priest |
| 8:32 | Priest |
| 8:33 | Priest |
| 8:36 | Workshop |
| 8:46 | Workshop |
| 8:52 | Workshop |
| 9:03 | Spell Breaker |
| 9:09 | Farm |
| 9:11 | Peasant |
| 9:11 | Peasant |
| 9:43 | Scout Tower |
| 9:48 | Town Hall |
| 9:54 | Scout Tower |
| 10:03 | Scout Tower |
| 10:07 | Farm |
| 10:18 | Guard Tower |
| 10:30 | Guard Tower |
| 10:39 | Scout Tower |
| 10:54 | Guard Tower |
| 10:54 | Guard Tower |
| 11:20 | Arcane Vault |
| 11:27 | Mortar Team |
| 11:28 | Mortar Team |
| 11:45 | Boots of Speed |
| 11:49 | Bash |
| 11:52 | Peasant |
| 12:19 | Blizzard |
| 12:24 | Priest |
| 12:25 | Mortar Team |
| 12:25 | Mortar Team |
| 12:26 | Mortar Team |
| 12:35 | Peasant |
| 12:35 | Peasant |
| 12:56 | Spell Breaker |
| 13:20 | Guard Tower |
| 13:23 | Improved Lumber Harvesting |
| 13:24 | Improved Masonry |
| 13:25 | Farm |
| 13:27 | Iron Plating |
| 13:58 | Storm Bolt |
| 14:01 | Castle |
| Right click | 339 |
| Select group | 326 |
| Select | 258 |
| Misc. action | 193 |
| Build/train/purchase | 100 |
| Assign group | 44 |
| Use ability | 6 |
| Remove unit | 2 |
| Item give/drop | 1 |
| Esc | 1 |